 Dungeon Crawl Stone Soup version 0.28-a0-664-gc179e30c89 (webtiles) character file.

Game seed: 13176140767272459847

8242 karkarkar the Severer (level 11, -18/100 HPs)
             Began as a Minotaur Fighter on Oct 16, 2021.
             Was a Believer of the Shining One.
             Demolished by a tentacled starspawn (21 damage)
             ... on level 2 of the Abyss.
             The game lasted 00:27:53 (11400 turns).

karkarkar the Severer (Minotaur Fighter)           Turns: 11400, Time: 00:27:54

Health: -18/100    AC: 15    Str: 24    XL:     11   Next: 7%
Magic:  3/3        EV:  8    Int:  5    God:    the Shining One [**....]
Gold:   1230       SH:  4    Dex: 10    Spells: 10/10 levels left

rFire   . . .      SeeInvis +   o - +0 war axe (antimagic)
rCold   . . .      Faith    +   c - +0 buckler
rNeg    + . .      Spirit   .   k - +0 plate armour
rPois   .          Reflect  .   (helmet restricted)
rElec   .          Harm     .   (no cloak)
rCorr   +          Rampage  .   m - +1 pair of gloves
Will    .....                   (no boots)
Stlth   ..........              C - amulet of faith
HPRegen 0.26/turn               K - ring of resist corrosion
MPRegen 0.08/turn               r - ring of see invisible

@: about to teleport, glowing
A: horns 2, retaliatory headbutt
a: Renounce Religion, Divine Shield


You were on level 2 of the Abyss.
You worshipped the Shining One.
The Shining One was pleased with you.
You visited 2 branches of the dungeon, and saw 11 of its levels.
You visited the Abyss 1 time.

You collected 1470 gold pieces.
You spent 240 gold pieces at shops.

Inventory:

Hand Weapons
 a - a +0 war axe
 j - a +0 war axe
 o - a +0 antimagic war axe (weapon)
Missiles
 b - a curare-tipped dart
 v - 2 throwing nets
 A - 5 poisoned darts
 B - a javelin (quivered)
Armour
 c - a +0 buckler (worn)
 k - a +0 plate armour (worn)
 m - a +1 pair of gloves (worn)
Jewellery
 e - a +6 ring of dexterity
 g - an amulet of the acrobat
 i - a +6 ring of intelligence
 r - a ring of see invisible (right hand)
 y - a ring of positive energy
 C - an amulet of faith (around neck)
 K - a ring of resist corrosion (left hand)
Wands
 d - a wand of flame (25)
 f - a wand of acid (5)
 E - a wand of polymorph (11)
Scrolls
 h - a scroll of fear
 l - a scroll of immolation
 n - 3 scrolls of enchant weapon
 p - a scroll of teleportation
 s - a scroll of fog
 u - 2 scrolls of noise
 w - 4 scrolls of amnesia
 I - a scroll of brand weapon
 J - 3 scrolls of enchant armour
Potions
 q - a potion of lignification
 t - a potion of magic {unknown}
 x - a potion of degeneration {unknown}
 z - 2 potions of flight
 D - a potion of ambrosia
 F - a potion of attraction {unknown}
 G - a potion of mutation {unknown}
 H - a potion of resistance {unknown}


   Skills:
 + Level 10.2 Fighting
 + Level 15.8 Axes
 + Level 1.6 Throwing
 - Level 6.0 Armour
 - Level 4.2 Dodging
 + Level 1.8 Stealth
 - Level 4.0 Shields
 + Level 2.2 Evocations


You had 10 spell levels left.
You didn't know any spells.
Your spell library contained the following spells:

 Spells                   Type           Power      Damage    Failure   Level
 Animate Skeleton         Necr           0%         N/A       100%        1
 Apportation              Tloc           0%         N/A       100%        1
 Magic Dart               Conj           0%         1d3       100%        1
 Summon Small Mammal      Summ           0%         N/A       100%        1
 Blink                    Tloc           N/A        N/A       100%        2
 Call Imp                 Summ           0%         N/A       100%        2
 Slow                     Hex            0%         N/A       100%        2
 Confusing Touch          Hex            0%         N/A       100%        3
 Frozen Ramparts          Ice            0%         1d2       100%        3
 Gell's Gravitas          Tloc           0%         N/A       100%        3
 Lesser Beckoning         Tloc           0%         N/A       100%        3
 Mephitic Cloud           Conj/Pois/Air  0%         N/A       100%        3
 Teleport Other           Tloc           0%         N/A       100%        3
 Cause Fear               Hex            0%         N/A       100%        4
 Ice Form                 Ice/Tmut       0%         N/A       100%        4
 Summon Ice Beast         Ice/Summ       0%         N/A       100%        4
 Manifold Assault         Tloc           0%         N/A       100%        5
 Yara's Violent Unravell  Hex/Tmut       0%         3d3       100%        5
 Dragon Form              Tmut           0%         N/A       100%        7
 Dragon's Call            Summ           0%         N/A       100%        9


Dungeon Overview and Level Annotations

Branches:
Dungeon (10/15)            Temple (1/1) D:7            Lair (0/6) D:8
    Orc: D:9-12

Altars:
Ashenzari
Cheibriados
Dithmenos
Elyvilon
Fedhas
Gozag
Hepliaklqana
Kikubaaqudgha
Makhleb
Nemelex Xobeh
Okawaru
Qazlal
Ru
Sif Muna
Trog
Uskayaw
Vehumet
Wu Jian
Xom
Yredelemnul
Zin
The Shining One

Shops:
D:7 (   D:9 ?


Innate Abilities, Weirdness & Mutations

You have a pair of horns on your head.
You reflexively headbutt those who attack you in melee.


Message History

Your headbutt misses the small abomination.
The small abomination is almost destroyed.
You block the small abomination's attack.
You slash the small abomination!
You destroy the small abomination!
The Shining One accepts your kill.
No target in view!
Found 15 gold pieces.
K - a ring of resist corrosion You're wearing all the rings you can.
Remove which one? (? for menu, Esc to cancel) < or
e - a +6 ring of dexterity; > or
r - a ring of see invisible You remove your +6 ring of dexterity.
You feel clumsy.
K - a ring of resist corrosion (left hand)
Okay, then.
A tentacled starspawn comes into view.
Tentacles burst from the starspawn's body! 2 starspawn tentacles come into view.
As you read the scroll of teleportation, it crumbles to dust.
You feel strangely unstable.
You feel the power of the Abyss delaying your translocation!
The starspawn tentacle grabs you. The starspawn tentacle constricts you.
You escape the starspawn tentacle's grasp.
Tentacles burst from the starspawn's body!
A starspawn tentacle comes into view.
The starspawn tentacle grabs you. The starspawn tentacle constricts you.
The starspawn tentacle loses its grip on you.
The tentacled starspawn bites you but does no damage.
The tentacled starspawn tentacle-slaps you!
The tentacled starspawn bites you!
You block the tentacled starspawn's attack.
The tentacled starspawn bites you!!
The tentacled starspawn tentacle-slaps you!
The tentacled starspawn bites you!!
* * * LOW HITPOINT WARNING * * *
The tentacled starspawn tentacle-slaps you!
* * * LOW HITPOINT WARNING * * *
The tentacled starspawn bites you!!
You die...

.#. ##.......
.... # ....
#.)............
............ ..
.## #..... ..
..## #
...#..#......#..
. #..#.##. #.. .
. . #.#ww. #.#
## .# ##X#.###.#
#@#$# #.# #####
#.# ... ..


You could see a tentacled starspawn and 2 starspawn tentacles.

Vanquished Creatures
  A two-headed ogre (D:10)
  A boulder beetle (D:7)
  Pikel (D:4)
  4 slime creatures (D:8)
  Sigmund (D:2)
  A shadow (D:8)
  A wraith (D:10)
  5 yaks (D:8)
  3 wargs (D:8)
  3 acid dragons
  Duvessa (D:6)
  A water moccasin (D:9)
  2 ice beasts (D:7)
  A small abomination (Abyss:2)
  4 orc warriors
  A hornet zombie (D:9)
  2 ogres
  2 necrophages
  5 centaurs
  4 lemures
  2 kobold brigands
  Blork the orc (D:6)
  A gnoll sergeant (D:5)
  A scorpion (D:6)
  A wyvern zombie (D:7)
  Dowan (D:6)
  2 wyvern skeletons (D:6)
  3 killer bees (D:10)
  A crimson imp (D:10)
  3 jellies
  3 centaur zombies
  2 bullfrog zombies (D:6)
  6 orc priests
  A hound (D:7)
  A bullfrog skeleton (D:7)
  3 gnoll shamans
  Jessica (D:2)
  A centaur skeleton (D:6)
  8 iguanas
  8 orc wizards
  A killer bee zombie (D:8)
  A hound zombie (D:5)
  5 adders
  17 gnolls
  A shadow imp (D:5)
  A white imp (D:6)
  2 ufetubi (D:5)
  An adder skeleton (D:2)
  A worm (D:2)
  2 dart slugs
  32 orcs
  6 bats
  7 endoplasms
  3 giant cockroaches
  4 goblins
  6 hobgoblins
  2 jackals (D:1)
  12 kobolds
  2 quokkas (D:3)
  6 ball pythons
  2 frilled lizards
  3 rats
211 creatures vanquished.

Vanquished Creatures (others)
  A fungus (D:2)
  2 plants (D:4)
  2 starspawn tentacles (Abyss:2)
  2 toadstools (D:2)
7 creatures vanquished.

Grand Total: 218 creatures vanquished

Notes
Turn   | Place    | Note
-------+----------+-------------------------------------------
     0 | D:1      | karkarkar the Minotaur Fighter began the quest for the Orb.
     0 | D:1      | Reached XP level 1. HP: 19/19 MP: 0/0
   199 | D:1      | Reached XP level 2. HP: 27/27 MP: 1/1
   775 | D:2      | Reached XP level 3. HP: 31/34 MP: 2/2
   821 | D:2      | Noticed Jessica
   834 | D:2      | Killed Jessica
   835 | D:2      | Reached skill level 3 in Axes
   957 | D:2      | Identified a scroll of acquirement
   958 | D:2      | Acquired 757 gold pieces
  1034 | D:2      | Noticed Sigmund
  1213 | D:3      | Reached XP level 4. HP: 41/41 MP: 3/3
  1335 | D:3      | Reached skill level 4 in Axes
  1352 | D:3      | Reached skill level 1 in Dodging
  1352 | D:3      | Reached XP level 5. HP: 31/47 MP: 4/4
  1559 | D:3      | Found a faded altar of an unknown god.
  1651 | D:4      | Noticed a lemure
  1711 | D:4      | Reached skill level 5 in Axes
  1868 | D:4      | Found an opulent altar of Gozag.
  1899 | D:4      | Noticed a lemure
  1920 | D:4      | Noticed Pikel
  1920 | D:4      | Noticed a lemure
  1921 | D:4      | Noticed a lemure
  1927 | D:3      | Killed a lemure
  2048 | D:4      | Killed a lemure
  2050 | D:4      | Killed a lemure
  2067 | D:4      | Killed a lemure
  2243 | D:4      | Killed Pikel
  2244 | D:4      | Reached skill level 5 in Fighting
  2244 | D:4      | Reached skill level 7 in Axes
  2244 | D:4      | Reached skill level 5 in Armour
  2244 | D:4      | Reached XP level 6. HP: 52/56 MP: 5/5
  2244 | D:4      | Reached XP level 7. HP: 57/61 MP: 6/6
  2367 | D:4      | Reached skill level 8 in Axes
  3046 | D:2      | Killed Sigmund
  3156 | D:2      | You fall into a shaft and drop 1 floor!
  3371 | D:5      | Entered Level 5 of the Dungeon
  3382 | D:5      | Reached XP level 8. HP: 62/70 MP: 7/7
  3590 | D:5      | Reached skill level 9 in Axes
  4997 | D:6      | Reached skill level 10 in Axes
  5012 | D:6      | Noticed Duvessa
  5012 | D:6      | Noticed Dowan
  5033 | D:6      | Killed Duvessa
  5221 | D:6      | Reached skill level 1 in Stealth
  5353 | D:6      | Killed Dowan
  5688 | D:6      | Noticed Blork the orc
  5702 | D:6      | Killed Blork the orc
  5873 | D:6      | Reached skill level 11 in Axes
  5974 | D:6      | Reached XP level 9. HP: 54/78 MP: 8/8
  6431 | D:7      | Noticed a boulder beetle
  6464 | D:7      | Killed a boulder beetle
  6465 | D:7      | Reached skill level 1 in Evocations
  6788 | D:7      | Reached skill level 12 in Axes
  6824 | D:7      | Found Noagguli's Antique Weapon Boutique.
  6831 | D:7      | Bought a runed war axe for 162 gold pieces
  6843 | D:7      | Found a staircase to the Ecumenical Temple.
  6875 | Temple   | Entered the Ecumenical Temple
  7067 | Temple   | Became a worshipper of the Shining One
  7098 | D:7      | Reached skill level 1 in Throwing
  7645 | D:8      | Reached * piety under the Shining One
  7773 | D:8      | Reached skill level 13 in Axes
  7859 | D:8      | Reached XP level 10. HP: 81/88 MP: 9/9
  8014 | D:8      | Found a stormy altar of Qazlal.
  8501 | D:8      | Found a staircase to the Lair.
  8527 | D:8      | Reached skill level 14 in Axes
  9626 | D:9      | Reached skill level 15 in Axes
  9692 | D:9      | Reached ** piety under the Shining One
  9821 | D:9      | Found a hide-covered altar of Uskayaw.
 10181 | D:9      | Found Ushoty's Magic Scroll Shop.
 10184 | D:9      | Bought a scroll of identify for 26 gold pieces
 10184 | D:9      | Bought a scroll of identify for 26 gold pieces
 10184 | D:9      | Bought a scroll of identify for 26 gold pieces
 10279 | D:9      | Found a broken altar of Ashenzari.
 10369 | D:10     | Entered Level 10 of the Dungeon
 10692 | D:10     | Reached skill level 10 in Fighting
 10774 | D:10     | Noticed a two-headed ogre
 10780 | D:10     | Killed a two-headed ogre
 10781 | D:10     | Reached XP level 11. HP: 46/100 MP: 3/10
 11034 | D:10     | Found a shimmering blue altar of Sif Muna.
 11040 | D:10     | Found a burning altar of Makhleb.
 11344 | D:10     | Noticed a wizard
 11357 | D:10     | Cast into level 2 of the Abyss (a wizard)
 11384 | Abyss:2  | Noticed a tentacled starspawn
 11399 | Abyss:2  | HP: 2/100 [tentacled starspawn (11)]
 11400 | Abyss:2  | Demolished by a tentacled starspawn

Illustrated notes

Levels and vault maps discovered:
D:1:      amcnicky_arrival_blooded_trapdoor, layout_basic
D:2:      layout_rooms, dk_vineyard_2, minmay_gold_behind_fungi, st_stairs_3,
          minmay_misc_feat_encased, uniq_jessica, uniq_sigmund
D:3:      layout_rooms, dreamdust_ecumenical_altar_statues
D:4:      layout_loops_ring, nicolae_gozag_cash_rules_everything_around_me,
          serial_bayou, serial_bayou_shore_b, serial_bayou_shore_b,
          serial_bayou_pond_b, serial_bayou_lagoon_b, minmay_misc_feat_columns,
          uniq_pikel
D:5:      lemuel_ice_spiral_2, layout_basic, lightli_minifort
D:6:      layout_basic, kennysheep_generic_room_12, uniq_blork_the_orc,
          uniq_duvessa
D:7:      layout_loops_ring, temple_statues, serial_shops, shop,
          grunt_ministairs_5
D:8:      layout_loops_ring, nicolae_qazlal_general_emergency,
          erik_lair_orcish_takeover, grunt_ministairs_6
D:9:      layout_irregular_city, mainiacjoe_overflow_catch_the_wave,
          serial_shops, nicolae_shop_behind_doors
D:10:     layout_gridville, mainiacjoe_overflow_big_doors, lightli_wizard_tower
Temple:   nicolae_temple_elliptical
Abyss:2:  base: D:7, bh_silent_lugonu_exit

Skill      XL: |  1  2  3  4  5  6  7  8  9 10 |
---------------+-------------------------------+-----
Armour         | 4 5 6 |  6.0
Fighting       | 4 5 6 8 10 | 10.2
Axes           | 3 4 7 8 11 13 15 | 15.8
Shields        | 4 |  4.0
Dodging        | 1 2 3 4 |  4.2
Stealth        | 1 |  1.8
Evocations     | 2 |  2.2
Throwing       | 1 |  1.6

Action                   |  1- 3 |  4- 6 |  7- 9 | 10-12 || total
-------------------------+-------+-------+-------+-------++-------
Melee: War axe           |    51 |    86 |   243 |   184 ||   564
       Headbutt          |     8 |    18 |    60 |    44 ||   130
Throw: Dart              |       |       |     5 |     1 ||     6
       Javelin           |       |       |       |     2 ||     2
Evoke: Wand              |       |       |    12 |     1 ||    13
  Use: Scroll            |     4 |     4 |     5 |     6 ||    19
       Potion            |     3 |     1 |     1 |     1 ||     6
Armor: Scale mail        |    25 |    32 |    58 |    13 ||   128
       Plate armour      |       |       |       |    24 ||    24
Dodge: Dodged            |    29 |    36 |   124 |    62 ||   251
Block: Buckler           |    12 |    17 |    68 |    43 ||   140

Table legend: (Time is in decaauts)
 A = Elapsed time spent in this place.
 B = Non-inter-level travel time spent in this place.
 C = Inter-level travel time spent in this place.
 D = Time resting spent in this place.
 E = Time spent auto-exploring this place.
 F = Levels seen in this place.
 G = Mean time per level.
                   A        B        C        D        E       F      G
               +--------+--------+--------+--------+--------+-----+--------+
         Total |  11426 |  11087 |    339 |   1786 |   7047 |  12 |  952.2 |
       Dungeon |  11183 |  10893 |    290 |   1786 |   6918 |  10 | 1118.3 |
        Temple |    202 |    154 |     48 |      0 |    123 |   1 |  202.0 |
         Abyss |     40 |     40 |      0 |      0 |      6 |   1 |   40.0 |
               +--------+--------+--------+--------+--------+-----+--------+

Top non-repeatable levels by time:
     D:8: 1767 daAuts
     D:6: 1727 daAuts
     D:4: 1325 daAuts
     D:5: 1284 daAuts
     D:7: 1022 daAuts
    D:10: 977 daAuts
     D:9: 959 daAuts
     D:1: 843 daAuts
     D:2: 666 daAuts
     D:3: 609 daAuts
  Temple: 202 daAuts
 Abyss:2: 40 daAuts
